Cogmind - Beta 14 @@@ ROGUE MODE // 2025.03.29 @ 11:10:30 Player: Silfurdreki Result: Destroyed by D-53 Grenadier with Mini Grenade Launcher Performance ------------- Evolutions (0) 0 Regions Visited (2) 400 Robots Destroyed (16) 80 Value Destroyed (434) 434 Prototype IDs (2) 40 Alien Tech Used (0) 0 Bonus (0) 0 TOTAL SCORE: 954 Bonus ------- None Cogmind --------- Core Integrity 0/250 Matter 244/300 Energy 65/100 System Corruption 0% Temperature Cool (20) Movement Walking (120) Location -10/Mines Parts ------- > --- POWER (1) -------- (None) > --- PROPULSION (2) --- Aluminum Leg Aluminum Leg > --- UTILITY (2) ------ Small Storage Unit > --- WEAPON (2) ------- Small Laser Light Assault Rifle > --- INVENTORY (8) ---- Aluminum Leg Small Storage Unit Medium Laser Beam Cannon Light Assault Rifle Peak State ------------ > --- POWER ------------ Light Nuclear Core > --- PROPULSION ------- Wheel Compact Wheel > --- UTILITY ---------- Small Storage Unit Sensor Array > --- WEAPON ----------- Small Laser Light Assault Rifle > --- INVENTORY -------- Light Ion Engine Compact Wheel Grenade Launcher [Rating: 9] Favorites ----------- Power Light Nuclear Core Engine Light Ion Engine Power Core Light Nuclear Core Propulsion Wheel Leg Aluminum Leg Wheel Wheel Utility Small Storage Unit Device Sensor Array Storage Small Storage Unit Weapon Light Assault Rifle Energy Gun Small Laser Ballistic Gun Light Assault Rifle Launcher Grenade Launcher Build | -11 -10 -10 ------- Run | Yrd Mat Min Slots Evolved . | . . . Power . | . . . Propulsion . | . . . Utility . | . . . Weapon . | . . . Parts Attached 28 | 7 16 5 Power 5 | 1 4 . Engine 4 | 1 3 . Core 1 | . 1 . Reactor . | . . . Propulsion 9 | 2 4 3 Treads . | . . . Leg 5 | . 2 3 Wheel 4 | 2 2 . Hover . | . . . Flight . | . . . Utility 4 | 1 3 . Device 2 | . 2 . Storage 2 | 1 1 . Processor . | . . . Hackware . | . . . Protection . | . . . Artifact . | . . . Weapon 10 | 3 5 2 Energy Gun 4 | . 3 1 Energy Cannon . | . . . Ballistic Gun 5 | 3 2 . Ballistic Cannon . | . . . Launcher 1 | . . 1 Special Weapon . | . . . Impact Weapon . | . . . Slashing Weapon . | . . . Piercing Weapon . | . . . Special Melee Weapon . | . . . Unidentified Prototypes . | . . . Parts Lost 12 | . 7 5 Power 4 | . 3 1 Propulsion 4 | . 2 2 Utility 1 | . . 1 Weapon 3 | . 2 1 Highest Loss Streak 5 | . 4 5 To Critical Strikes . | . . . Average Slot Usage (%) 94 | . 95 90 Engine 6 | . 4 13 Core 6 | . 7 . Leg 8 | . 4 27 Wheel 18 | . 22 . Device 11 | . 12 7 Storage 14 | . 14 14 Energy Gun 9 | . 10 2 Ballistic Gun 16 | . 16 14 Launcher 1 | . . 10 Peak Build Rating 9 | 6 9 7 Average Rating 7 | 4 7 6 On Entrance 4 | . 6 7 Naked Turns . | . . . Heaviest Build 14 | 13 14 13 Greatest Support 26 | 26 26 20 Greatest Overweight (x) 2 | 2 1 2 Average Overweight (x) . | . . . Largest Inventory Capacity 8 | 8 8 8 Average Capacity 7 | 6 8 8 Most Carried 8 | 2 8 8 Average Carried 6 | 1 6 7 Final Capacity 8 | 8 8 8 Final Carried 8 | 2 8 5 Class Distribution -------------------- 93% | Mutant 6% | Scavenger-Mutant Dominant Class ---------------- Mutant | -10/Materials Mutant | -10/Mines Resources | -11 -10 -10 ----------- Run | Yrd Mat Min Matter Collected 479 | 270 194 15 Remotely . | . . . Salvage Created 645 | . 591 54 Parts 36 | . 36 . Haulers Intercepted 2 | . 2 . Recyclers Shooed . | . . . Parts Field Recycled . | . . . Retrieved Matter . | . . . Parts Self-Destructed . | . . . Prevented . | . . . Kills | -11 -10 -10 ------- Run | Yrd Mat Min Combat Hostiles Destroyed 25 | . 14 11 Guns 18 | . 14 4 AOE 7 | . . 7 Classes Destroyed 4 | . 3 1 Hauler 2 | . 2 . Swarmer 3 | . 3 . Grunt 11 | . 11 . Assembled 11 | . . 11 Best Kill Streak 7 | . 5 7 Combat Bots Only 7 | . 5 7 Max Kills in Single Turn 5 | . 1 5 Gunslinging . | . . . Exploded 5 | . . 5 Melee . | . . . Uniques/NPCs Destroyed . | . . . Combat | -11 -10 -10 -------- Run | Yrd Mat Min Hostile Shots Fired 139 | . 94 45 Missed 46 | . 28 18 Damage Taken 1381 | 2 795 584 Core 255 | 2 116 137 Absorbed by Shields . | . . . Core Remaining (%) 99 | 99 . . Volleys Fired 68 | . 60 8 Largest 2 | . 2 2 Hottest 70 | . 70 60 Shots Fired 128 | . 115 13 Gun 126 | . 115 11 Cannon . | . . . Launcher 2 | . . 2 Special . | . . . Kinetic 75 | . 69 6 Thermal 51 | . 46 5 Explosive 2 | . . 2 Electromagnetic . | . . . Robot Hit Streak 10 | . 10 3 Robot Miss Streak 3 | . 3 3 Penetration Max . | . . . Secondary Targets 2 | . 2 . Max Gunslinging Chain 1 | . 1 . Shots Hit Robots 82 | . 76 6 Core Hits 60 | . 33 27 Critical Kills . | . . . Critical Parts Destroyed . | . . . Critical Strikes . | . . . Melee Attacks . | . . . Impact . | . . . Slashing . | . . . Piercing . | . . . Sneak Attacks . | . . . Combat Hostiles . | . . . Follow-up Attacks . | . . . Damage Inflicted 1520 | 5 795 720 Guns 850 | . 789 61 Cannons . | . . . Explosions 659 | . . 659 Melee . | . . . Ramming 11 | 5 6 . Kinetic 472 | . 444 28 Thermal 378 | . 345 33 Explosive 659 | . . 659 Electromagnetic . | . . . Impact . | . . . Slashing . | . . . Piercing . | . . . Highest Corruption . | . . . Average Corruption . | . . . Corruption Purged . | . . . Corruption Blocked . | . . . Overload Shots . | . . . Overflow Damage 5 | . . 5 Projectiles . | . . . Explosions 5 | . . 5 Melee . | . . . Knockbacks . | . . . Impact . | . . . Kinetic . | . . . Secondary . | . . . Self-Inflicted Damage 3 | 2 1 . Shots . | . . . Rammed 2 | 1 1 . Targets Rammed 3 | 1 2 . Kicked 1 | . 1 . Crushed . | . . . Highest Temperature 174 | . 174 35 Average Temperature 43 | . 45 18 Received Heat Transfer 495 | . 375 120 Siege Activations . | . . . Robots Corrupted . | . . . Combat Hostiles . | . . . Parts Fried . | . . . Impact Corruptions . | . . . Robots Melted . | . . . Combat Hostiles . | . . . Parts Melted 4 | . 4 . Heat Transferred 933 | . 858 75 Parts Sabotaged . | . . . Parts Stolen . | . . . Parts Stripped . | . . . Power Chain Reactions . | . . . Alert | -11 -10 -10 ------- Run | Yrd Mat Min Peak Influence 299 | . 299 24 Initial 24 | . . 24 Average 112 | . 140 19 Maximum Alert Level 1 | . 1 . Low Security (%) 77 | 100 70 100 Level 1 22 | . 29 . Level 2 . | . . . Level 3 . | . . . Level 4 . | . . . Level 5 . | . . . High Security . | . . . Max Security . | . . . Squads Dispatched 2 | . 2 . Investigation 1 | . 1 . Extermination . | . . . Reinforcement 1 | . 1 . Assault . | . . . Garrison . | . . . Intercept . | . . . Searches Triggered . | . . . Construction Impeded . | . . . Haulers Reinforced . | . . . Active Scanning Responses . | . . . Cargo Convoy Interrupts . | . . . Stealth | -11 -10 -10 --------- Run | Yrd Mat Min Distress Signals 2 | . 2 . Communications Jammed . | . . . Distress Signals . | . . . Times Spotted 50 | . 26 24 Peak Tracking Total 20 | . 7 20 Tactical Retreats 6 | . 2 4 Traps | -11 -10 -10 ------- Run | Yrd Mat Min Traps Triggered 1 | . 1 . Indirectly . | . . . Trap Hack Attempts . | . . . Triggered . | . . . Disarmed . | . . . Reprogrammed . | . . . Reused . | . . . Traps Extracted . | . . . Installed . | . . . Triggered . | . . . Machines | -11 -10 -10 ---------- Run | Yrd Mat Min Machines Disabled . | . . . Max in Single Turn . | . . . Machines Repaired . | . . . Machines Dismantled . | . . . Machines Sabotaged . | . . . Overloaded Fab Kills . | . . . Hacking | -11 -10 -10 --------- Run | Yrd Mat Min Machines Accessed 4 | . 4 . Terminals 4 | . 4 . Fabricators . | . . . Repair Stations . | . . . Recycling Units . | . . . Scanalyzers . | . . . Garrison Access . | . . . Total Hacks 15 | . 15 . Successful 8 | . 8 . Failed 7 | . 7 . Catastrophic . | . . . Database Lockouts . | . . . Manual 13 | . 13 . Terminals 15 | . 15 . Fabricators . | . . . Repair Stations . | . . . Recycling Units . | . . . Scanalyzers . | . . . Garrison Access . | . . . Terminal Hacks 5 | . 5 . Robot Schematic 1 | . 1 . Robot Analysis 1 | . 1 . Prototype ID Bank 1 | . 1 . Alert Level 1 | . 1 . Unreport Threat 1 | . 1 . Fabricator Hacks . | . . . Repair Station Hacks . | . . . Recycling Unit Hacks . | . . . Scanalyzer . | . . . Garrison Access Hacks . | . . . Unauthorized Hacks 3 | . 3 . Terminals 3 | . 3 . Botnet 3 | . 3 . Fabricators . | . . . Repair Stations . | . . . Recycling Units . | . . . Scanalyzers . | . . . Garrison Access . | . . . Data Cores Recovered . | . . . Used . | . . . Hacking Detections 3 | . 3 . Full Trace Events 1 | . 1 . Feedback Events . | . . . Feedback Blocked . | . . . Robot Schematics Acquired 1 | . 1 . Robots Built . | . . . Authchips . | . . . Time . | . . . Total Robot Build Rating . | . . . Part Schematics Acquired . | . . . Parts Built . | . . . Authchips . | . . . Time . | . . . Total Part Build Rating . | . . . Parts Repaired . | . . . Time . | . . . Parts Recycled . | . . . Recycled Matter . | . . . Retrieved Matter . | . . . Retrieved Components . | . . . Parts Scanalyzed . | . . . Part Schematics Acquired . | . . . Parts Damaged . | . . . Bothacking | -11 -10 -10 ------------ Run | Yrd Mat Min Used RIF Installer . | . . . Robots Hacked . | . . . Non-combat . | . . . Combat . | . . . Robot Hacks Applied . | . . . Relay Couplers Released . | . . . Fabnet Peak Effective % . | . . . Robots Rewired . | . . . Allies Hacked . | . . . Hacks Repelled . | . . . Allies | -11 -10 -10 -------- Run | Yrd Mat Min Total Allies . | . . . Largest Group . | . . . Highest-Rated Group . | . . . Highest-Rated Ally . | . . . Total Orders . | . . . Ally Attacks . | . . . Total Damage . | . . . Kills . | . . . Allies Corrupted . | . . . Allies Melted . | . . . Intel | -11 -10 -10 ------- Run | Yrd Mat Min Robot Analysis Total 1 | . 1 . Derelict Logs Recovered 1 | . . 1 Drone Launches . | . . . Drone Recoveries . | . . . Exploration | -11 -10 -10 ------------- Run | Yrd Mat Min Turns Passed 963 | 51 748 164 Spaces Moved 570 | 40 418 112 Core 15 | 14 . 1 Treads . | . . . Legs 199 | . 88 111 Wheels 356 | 26 330 . Hover . | . . . Flight . | . . . Fastest Speed 50 | 50 90 120 Average Speed 101 | 98 96 120 Slowest Speed 150 | 150 120 150 Overloaded Moves . | . . . Propulsion Burnouts . | . . . Robots Hopped . | . . . Cave-ins Triggered . | . . . Exploration Rate (%) 32 | 3 63 31 Regions Visited 2 Branch Regions 1 Pre-discovered Areas 1 | . . 1 Known Exits Taken . | . . . Unknown Exits Taken 2 | 1 1 . Scrap Searched . | . . . Spaces Dug . | . . . Terrain Destroyed 6 | . . 6 Melee . | . . . Projectile . | . . . AOE 6 | . . 6 Terrain Rammed . | . . . Walls Destroyed . | . . . Machines Disabled . | . . . Actions | -11 -10 -10 --------- Run | Yrd Mat Min Total 835 | 48 658 129 Wait 150 | . 146 4 Move 569 | 40 417 112 Hop . | . . . Pick Up 13 | 1 12 . Fast Attach 8 | 6 2 . Attach 9 | . 6 3 Detach . | . . . Swap 11 | 1 8 2 Drop 5 | . 5 . Fire 68 | . 60 8 Melee . | . . . Ram 1 | . 1 . Kick 1 | . 1 . Crush . | . . . Escape Stasis . | . . . Rewire . | . . . Trap . | . . . Miscellaneous . | . . . Route ------- -11/Scrapyard -10/Materials (discovered 3 exits: [*Mat x2] / [*Min]) -10/Mines History --------- Turn | Location | Event 18 | -11/Scrapyard | Discovered new exit (range 15) 52 | -11/Scrapyard | Entered Materials 257 | -10/Materials | Lost 4 parts (1p1n2w) 304 | -10/Materials | Build established: Mutant 393 | -10/Materials | Discovered new exit (range 15) 711 | -10/Materials | Discovered new exit (range 15) 765 | -10/Materials | Discovered new exit (range 10) 800 | -10/Materials | Entered Mines 885 | -10/Mines | Learned location of Zion (-7) 888 | -10/Mines | Assembled infested the area 900 | -10/Mines | Core integrity fell below 50% 921 | -10/Mines | Destroyed 7 combat bots 958 | -10/Mines | Core integrity fell below 20% 964 | -10/Mines | Destroyed by D-53 Grenadier with Mini Grenade Launcher Last Messages --------------- 00900_ Destroyed Asb. Hover Unit. 00900_ as-77854 destroyed. 00900_ as-07771 destroyed. 00902_ as-42516 destroyed. 00916_ U-05 Engineer destroyed. 00925_ Grenade Launcher destroyed. 00927_ as-16657 sneak attacks. 00934_ as-16657 destroyed. 00937_ as-26524 destroyed. 00940_ as-17514 destroyed. 00944_ Acquired 8 matter. 00946_ Acquired 3 matter. 00947_ Acquired 4 matter. 00952_ C-30 ARC bursts open, deploying its payload. 00952_ D-53 Grenadier unfolds itself. 00954_ as-50417 destroyed. 00955_ Lgt. Ion Engine destroyed. 00959_ Aluminum Leg destroyed. [Achievement: Back For More] Map ----- +----------------------------------------------------+ | ????????????????????????????????????? #???????? | | ????????????????????????????????##### #???????# | | ???????????????????????????????## ?????????# | | ??????????????????????????????## ??????##### | | ??????????????????????????????# ??????## ## | | ??????????????????????????????? #???????# | | ???????????????????????????????# #????????# | | ????????????????????????????#### ##????????# | | ????????????????????????????# ###??????# " | | ???????????????????# ####" ##?????# " | | ???????????????????# %## #?????# " | | ???????????????????# #####"### #?????## | | ????????????????????????????# #?# ##?????# # | | ????????????????????????????# #?## #####?# # | | ????????????????????????????# #??### ### # | | ????????????????????????????#u#????##### # | | ??????????????????????????###d###??????## # ### | | ?????????????????????????## ##??????## ## ## | | ?????????????????????????# #???????##### ### | | ?????????????????????????# #???????????# #?? | | ???????????????????????### #????????????# #?? | | ???????????????????????# #????????????# #?? | | ???????????????????????# #????????????# #?? | | ???????????????????????# #????????????# #?? | | ???????????????????????# ##????????????# ??? | | ??????????????????????## @% ##?????????????? ??? | | ?????????????????????## #??????????????? ??? | | ????????????########## ###??????????????? ??? | | ????????????# !%a a####?????????????? ??? | | ????????????# * |% #???????????? ??? | | ????????????# ######## ####### #???????????? ??? | | ????????????# #??????#####???????????????????????? | | ????????????# #??????????????????????????????????? | | ????????????# #??????????????????????????????????? | | ??????????? %#??????????????????????????????????? | | ????????? ??????????????????????????????????? | | ??????? ??????????????????????????????????? | | ????? % #?????????????????????????????????? | | ??? ####?????????????????????????????????? | | ? %% ?????????????????????????????????????? | | #### ?????????????????????????????????????? | | ???## ?????????????????????????????????????? | | ????# ?????????????????????????????????????? | | ???? ??????????????????????????????????????? | | ??? ??????????????????????????????????????? | | ???? " ??????????????????????????????????????? | | ??????### ???????????????????????????????????????? | | ?????????#???????????????????????????????????????? | | ?????????????????????????????????????????????????? | | ?????????????????????????????????????????????????? | +----------------------------------------------------+ Best States ------------- Heat Dissipation 25 Energy Generation 14 Energy Capacity 250 Matter Stores 300 Matter Capacity 300 Sight Range 16 Robot Scan Range 14 Terrain Scan Density 10 Evasion (%) 55 Item Schematics ----------------- None Robot Schematics ------------------ G-34 Mercenary | -10/Materials | Hacked Fabricated ------------ Nothing Alien Tech Used ----------------- None Achievements -------------- Back For More Challenges ------------ None Game ------ Seed CompactAlphaChip Manual? 0 Play Time 00:10:49 Cumulative 29.7 hours Start 2025.03.29 @ 11:01:13 End 2025.03.29 @ 11:10:30 Sessions 1 Manual Loads 0 Difficulty Rogue Special Mode None Game No. 50 Rogue 50 Adventurer 0 Explorer 0 Win Type - Total 0 Types 0/0/0/0/0/0/0/0/0 Lore% 26 Gallery% 31 Achievement% 31 Wizard Run 0 Options --------- Layout 1 ASCII 0 Keyboard 0 Movement Numpad Keybinds 0 Fullscreen 1 Font 32/SmallcapsGlow Map View 50x35 Zoom Use 0% Tactical HUD 1 Map Filters NONE Filters NONE Steam 1 RUN: c00a608c-8433-47b9-8146-7fffc20b446f